 Dungeon Crawl Stone Soup version 0.18.1-48-g4cf74bf (webtiles) character file.

123 MistressOfTheDunes the Insei (level 4, -4/35 HPs)
             Began as a Mummy Monk on June 27, 2016.
             Slain by a worker ant (6 damage)
             ... on level 4 of the Dungeon.
             The game lasted 00:04:40 (3979 turns).

MistressOfTheDunes the Insei (Mummy Monk)           Turns: 3979, Time: 00:04:40

Health: -4/35      AC:  1    Str: 14    XL:     4   Next: 79%
Magic:  4/4        EV: 13    Int:  9    God:
Gold:   133        SH:  0    Dex: 15    Spells: 0 memorised, 3 levels left

rFire  x . .     SeeInvis .       - Unarmed
rCold  + . .     Gourm    .     (no armour)
rNeg   + + +     Faith    .     (no shield)
rPois  ∞         Spirit   .     b - +0 helmet
rElec  .         Dismiss  .     (no cloak)
rCorr  .         Reflect  .     (no gloves)
SustAt .         Harm     .     (no boots)
MR     .....     Rnd*Tele +     (no amulet)
Stlth  ++........               g - ring of teleportation (curse)
                                (no ring)

@: not resistant to hostile enchantments, unstealthy
A: no food or potions, fire vulnerability, cold resistance 1, negative energy
resistance 3, torment resistance, unbreathing
a: no special abilities


You were on level 4 of the Dungeon.
You were not hungry.

You visited 1 branch of the dungeon, and saw 3 of its levels.

You collected 133 gold pieces.


Innate Abilities, Weirdness & Mutations

You do not eat or drink.
Your flesh is vulnerable to fire.
You are immune to poison.
Your flesh is cold resistant.
You are immune to negative energy.
You are immune to unholy pain and torment.
You can survive without breathing.


   Skills:
 - Level 3.0 Fighting
 - Level 2.4 Dodging
 - Level 1.5 Stealth
 + Level 5.1 Unarmed Combat


You had 3 spell levels left.
You didn't know any spells.

Inventory:

Armour
 b - a +0 helmet (worn)
Jewellery
 d - an uncursed amulet of magic regeneration {unknown}
 g - a cursed ring of teleportation (right hand)
Scrolls
 a - 3 scrolls of fog {unknown}
 c - a scroll of identify {unknown}
 e - a scroll of teleportation {unknown}
 f - a scroll of recharging {unknown}

Dungeon Overview and Level Annotations

Branches:
Dungeon (2/15)

Altars:
Qazlal

▒....▒▒........ .
▒▒............. ..
▒▒▒▒.............. .8▒
.................. ..▒
........?.!...... ..
..............▒▒▒▒.▒▒▒▒.
?...........▒..sMSS.....
▒....>........B▒▒▒▒▒▒▒.
▒▒........▒▒▒▒▒▒▒
▒..........▒
▒..........▒
▒(.........▒
▒.........£▒
▒..........▒
▒▒........▒▒


You could see a scorpion, a worker ant, an adder and a ball python.


Message History

Key pressed, stopping explore!
There is a stone staircase leading up here!
You see here a goblin corpse!
You fall through a shaft for 2 floors!!!
The shaft crumbles and collapses!
A worker ant and a scorpion come into view!
The worker ant twitches its antennae in your direction!
Found five items!
Found a stone staircase leading down!
You swing at nothing!
The scorpion barely misses you!
A ball python and an adder come into view!
You pulverise the ball python but do no damage!
The scorpion closely misses you!
You barely miss the ball python! The ball python bites you!
The ball python grabs you! The ball python constricts you!
The scorpion stings you!!! The ball python loses its grip on you!
The worker ant closely misses you!
You closely miss the adder! The scorpion closely misses you!
The worker ant bites you!!!
You barely miss the adder! The adder closely misses you!
The scorpion stings you!!! * * * don't die
* * * The worker ant bites you!!! * * * don't die
* * * You closely miss the adder!
The adder closely misses you!
The worker ant bites you! * * * don't die
* * * The scorpion closely misses you!
The adder misses you!
You miss the adder! The worker ant bites you! rip

Action                   |  1- 3 |  4- 6 || total
-------------------------+-------+-------++-------
Melee: Unarmed           |   118 |   136 ||   254
       Punch             |     2 |       ||     2
 Stab: Sleeping          |     3 |     4 ||     7
Armor: Skin              |       |     5 ||     5
Dodge: Dodged            |    70 |    79 ||   149

Vault maps used:
D:1:      lemuel_arrival_room
D:2:      old_standard_altar, first_bread, lightli_corner_chamber, uniq_robin
D:4:      nicolae_ru_the_path_less_chosen, hangedman_decor_slide_cut,
          st_stairs_6, uniq_grinder, uniq_blork_the_orc, uniq_eustachio

Notes
Turn   | Place    | Note
--------------------------------------------------------------
     0 | D:1      | MistressOfTheDunes the Mummy Monk began the quest for the Orb.
     0 | D:1      | Reached XP level 1. HP: 18/18 MP: 1/1
   326 | D:1      | Reached XP level 2. HP: 16/24 MP: 2/2
   692 | D:1      | Reached skill level 4 in Unarmed Combat
   865 | D:1      | Reached XP level 3. HP: 25/29 MP: 3/3
  1227 | D:2      | Noticed Robin
  1946 | D:1      | Killed Robin
  1946 | D:1      | Reached XP level 4. HP: 10/35 MP: 4/4
  2755 | D:2      | Found a stormy altar of Qazlal.
  3111 | D:2      | Noticed a giant frog
  3111 | D:2      | Noticed a phantom
  3131 | D:2      | Reached skill level 5 in Unarmed Combat
  3962 | D:2      | You fall through a shaft for 2 floors!
  3978 | D:4      | HP: 2/35 [worker ant (2)]
  3979 | D:4      | Slain by a worker ant

Vanquished Creatures
  Robin (D:1)
  3 adders (D:2)
  An ooze (D:1)
  A dart slug (D:1)
  5 giant geckos
  3 bats
  21 goblins
  9 hobgoblins
  4 jackals (D:1)
  A quokka (D:2)
  3 ball pythons
  3 giant newts (D:1)
  10 kobolds
  7 rats
72 creatures vanquished.
